 Dungeon Crawl Stone Soup version 0.31.0-1-g2c135a008e (webtiles) character file.

Game seed: 15562218748643659969

61 qw the Shooter (level 4, -1/35 HPs)
             Began as a Djinni Hunter on Jan 23, 2024.
             Slain by a quokka (4 damage)
             ... on level 2 of the Dungeon.
             The game lasted 00:00:06 (1053 turns).

qw the Shooter (Djinni Hunter)                      Turns: 1053, Time: 00:00:06

Health: -1/35      AC:  4    Str: 10    XL:     4   Next: 27%
Gold:   73         EV: 12    Int: 10    God:
                   SH:  0    Dex: 19

rFire   + + .        a - +1 shortbow
rCold   x . .        (shield currently unavailable)
rNeg    . . .        c - +0 leather armour
rPois   inf          b - +0 helmet
rElec   .            (no cloak)
rCorr   .            (no gloves)
SInv    .            (boots unavailable)
Will    .....        (no amulet)
Stlth   ++           (no ring)
HPRegen 0.25/turn    (no ring)
MPRegen 0.00/turn

%: infuse magic (-2 HP)
@: flying
A: sickness immunity, fire resistance 2, cold vulnerability 1, float, innate
caster, HP casting, extra vitality 1
a: no special abilities


You were on level 2 of the Dungeon.
You visited 1 branch of the dungeon, and saw 2 of its levels.

You collected 73 gold pieces.


Innate Abilities, Weirdness & Mutations

You are immune to sickness and miasma.
You are immune to poison.
Your flesh is very heat resistant. (rF++)
You are vulnerable to cold. (rC-)
You float through the air rather than walking.
You learn spells naturally, not from books.
Your magical power is your life essence.
You have superior vitality. (+4 MHP)


   Skills:
 - Level 3.0 Fighting
 - Level 4.0 Ranged Weapons
 + Level 2.5 Dodging
 - Level 0.7 Stealth


You knew the following spells:

 Your Spells              Type           Power      Damage    Failure   Level
a - Necrotise             Necr           0%         1d4       45%         1
Your spell library was empty.

Inventory:

Hand Weapons
 a - a +1 shortbow (weapon)
Armour
 b - a +0 helmet (worn)
 c - a +0 leather armour (worn)
Scrolls
 f - a scroll of teleportation {unknown}
Potions
 d - a potion of attraction {unknown}
 e - a potion of brilliance {unknown}

Dungeon Overview and Level Annotations

Branches:
Dungeon (2/15)

Altars:


Message History

The arrow closely misses the ball python.
The adder bites you but does no damage. The hound bites you but does no damage.
The ball python bites you. The ball python constricts you.
The adder bites you but does no damage. The hound bites you.
You shoot an arrow.
The arrow closely misses the ball python.
The ball python bites you but does no damage.
The ball python constricts you. The adder barely misses you.
The hound bites you but does no damage.
The ball python bites you but does no damage.
The ball python constricts you.
You shoot an arrow. The arrow hits the ball python!
You kill the ball python!
The hound closely misses you. The adder bites you but does no damage.
The hound closely misses you. The adder bites you but does no damage.
You shoot an arrow. The arrow hits the hound.
The hound is heavily wounded.
The hound bites you but does no damage. The quokka barely misses you.
The adder bites you. The hound closely misses you. The quokka bites you.
The adder bites you.
You shoot an arrow. The arrow barely misses the hound.
The hound closely misses you. The adder misses you. The quokka misses you.
The hound barely misses you.
You shoot an arrow. The arrow closely misses the hound.
The adder closely misses you. The hound bites you but does no damage.
The quokka bites you but does no damage.
The adder closely misses you. The hound completely misses you.
The quokka bites you.
You shoot an arrow. The arrow hits the hound.
The hound is heavily wounded.
The hound barely misses you. The adder bites you. The quokka bites you.
The hound bites you.
You shoot an arrow. The arrow closely misses the hound.
The adder closely misses you. The quokka bites you. The hound misses you.
The adder misses you. The quokka closely misses you. The hound bites you.
You shoot an arrow. The arrow misses the hound.
The adder bites you but does no damage. The hound bites you.
The quokka twitches its whiskers.
The quokka bites you.
You die...

..........##.##.
#######....#.#
### #.#..#.##
#...###.#..#..#.
#...............
##.###.###..#.#
.##..##.##.....##
.................
..##.....@.##...
#.....Shr.# .
#.....)...#
#...).....#
.........!.#
............#
...........##
.....?....


You could see a hound, an adder and a quokka.

Vanquished Creatures
  Robin (D:1)
  5 ball pythons
  2 bats (D:1)
  2 endoplasms (D:1)
  A giant cockroach (D:2)
  10 goblins
  11 hobgoblins
  3 jackals (D:1)
  3 kobolds
  5 rats (D:1)
43 creatures vanquished.

Notes
Turn   | Place    | Note
-------+----------+-------------------------------------------
     0 | D:1      | qw the Djinni Hunter began the quest for the Orb.
     0 | D:1      | Reached XP level 1. HP: 18/18 MP: 0/0
     0 | D:1      | 0 ||| qw: Version: 0.3-a-136-gdd3b4e8
     0 | D:1      | 0 ||| qw: Game counter: 1179
     0 | D:1      | 0 ||| qw: Melee chars always use a shield: true
     0 | D:1      | 0 ||| qw: God list: Okawaru
     0 | D:1      | 0 ||| qw: Allow faded altars: false
     0 | D:1      | 0 ||| qw: Do Orc after clearing Dungeon:15 true
     0 | D:1      | 0 ||| qw: Do second Lair branch before Depths: true
     0 | D:1      | 0 ||| qw: Lair rune preference: random
     0 | D:1      | 0 ||| qw: Goals: Normal
     0 | D:1      | 0 ||| PLANNING D:1-11
   127 | D:1      | Reached XP level 2. HP: 23/23 MP: 0/0
   391 | D:1      | Reached skill level 4 in Ranged Weapons
   391 | D:1      | Reached XP level 3. HP: 28/28 MP: 0/0
   391 | D:1      | Learned a level 1 spell: Necrotise
   682 | D:1      | 682 ||| READING scroll labelled EHITZI LITWABO.
   682 | D:1      | 682 ||| ENCHANTING +0 shortbow.
   683 | D:1      | 683 ||| DROPPING scroll of butterflies.
   714 | D:2      | Noticed Robin
   715 | D:2      | 715 ||| RETREEEEATING.
   716 | D:2      | 716 ||| RETREEEEATING.
   717 | D:2      | 717 ||| STAIRDANCE
   740 | D:2      | 740 ||| STAIRDANCE
   742 | D:1      | 742 ||| RETREEEEATING.
   743 | D:1      | 743 ||| RETREEEEATING.
   747 | D:1      | HP: 7/29 [hobgoblin[Robin] (2)]
   849 | D:2      | 849 ||| STAIRDANCE
   854 | D:1      | HP: 7/29 [rat (3)]
   856 | D:1      | HP: 3/29 [rat (3)]
   969 | D:2      | 969 ||| STAIRDANCE
   979 | D:1      | Killed Robin
   980 | D:1      | Reached skill level 3 in Fighting
   980 | D:1      | Reached XP level 4. HP: 30/35 MP: 0/0
   999 | D:1      | 999 ||| UPGRADING to +0 helmet.
  1007 | D:2      | 1007 ||| STAIRDANCE
  1051 | D:2      | HP: 7/35 [quokka (2)]
  1053 | D:2      | HP: 3/35 [hound (1)]
  1053 | D:2      | Slain by a quokka

Levels and vault maps discovered:
D:1:      scummos_arrival_gate, layout_loops_ring
D:2:      layout_rooms, basic_altar, minmay_cut_off, uniq_robin

Skill      XL: |  1  2  3 |
---------------+----------+-----
Ranged Weapons | 4 |  4.0
Fighting       | 3 |  3.0
Dodging        | |  2.5
Stealth        | |  0.7

Action                     |  1- 3 |  4- 6 || total
---------------------------+-------+-------++-------
   Fire: Shortbow          |    95 |    24 ||   119
    Use: Scroll            |     1 |       ||     1
 Armour: Leather armour    |    64 |    36 ||   100
  Dodge: Dodged            |    68 |    37 ||   105

Table legend:
 A = Non-vault XP
 B = Vault XP
 C = Vault XP percentage of total XP
 D = Non-vault monster count
 E = Vault monster count
 F = Vault count percentage of total count
                 A         B        C        D         E       F
            +---------+---------+-------+---------+---------+-------
      Total |      53 |      35 |  39.8 |      32 |      11 |  25.6
            +---------+---------+-------+---------+---------+-------
        D:1 |      41 |      35 |  46.1 |      25 |      11 |  30.6
        D:2 |      12 |       0 |   0.0 |       7 |       0 |   0.0
            +---------+---------+-------+---------+---------+-------
